 Dungeon Crawl Stone Soup version 0.25-a0-647-gd602d06ee1 (webtiles) character file.

Game seed: 17957078411692598027, levelgen mode: deterministic

81 Amnesiac the Chopper (level 4, -1/41 HPs)
             Began as a Hill Orc Fighter on Mar 21, 2020.
             Succumbed to a worker ant's poison
             ... on level 3 of the Dungeon.
             The game lasted 00:01:22 (600 turns).

Amnesiac the Chopper (Hill Orc Fighter)              Turns: 600, Time: 00:01:23

Health: -1/41      AC:  6    Str: 19    XL:     4   Next: 40%
Magic:  4/4        EV:  7    Int:  8    God:
Gold:   39         SH:  9    Dex: 10    Spells: 3/3 levels left

rFire    . . .     SeeInvis .   a - +0 war axe
rCold    . . .     Gourm    .   c - +0 kite shield
rNeg     . . .     Faith    .   b - +0 scale mail
rPois    .         Spirit   .   (no helmet)
rElec    .         Reflect  .   (no cloak)
rCorr    .         Harm     .   (no gloves)
MR       .....                  (no boots)
Stlth    ..........             (no amulet)
HPRegen  0.13/turn              (no ring)
MPRegen  0.09/turn              (no ring)

@: lethally poisoned (-1 -> -28)
A: no striking features
a: no special abilities


You were on level 3 of the Dungeon.
You were not hungry.

You visited 1 branch of the dungeon, and saw 3 of its levels.

You collected 39 gold pieces.

Inventory:

Hand Weapons
 a - a +0 war axe (weapon)
Armour
 b - a +0 scale mail (worn)
 c - a +0 kite shield (worn)
Jewellery
 m - an uncursed ring of resist corrosion
Scrolls
 e - a scroll of enchant armour {!r, unknown}
 g - 4 scrolls of enchant weapon {!r, unknown}
 i - 2 scrolls of identify {!r, unknown}
 k - a scroll of teleportation {!r, unknown}
Potions
 d - a potion of might {!q}
 j - a potion of haste {!q}
Comestibles
 f - a ration
 h - 8 chunks of flesh


   Skills:
 + Level 4.5 Fighting
 * Level 5.2 Axes
 - Level 3.2 Armour
 - Level 3.2 Shields


You had 3 spell levels left.
You didn't know any spells.
Your spell library was empty.

Dungeon Overview and Level Annotations

Branches:
Dungeon (3/15)

Altars:


Message History

You butcher the worm corpse.
h - 8 chunks of flesh (gained 2)
You now have 39 gold pieces (gained 12).
A worker ant comes into view.
The worker ant twitches its antennae in your direction.
You see here a scroll labeled KIEGIQA JATASCH {!r}.
A worker ant is nearby!
A worker ant is nearby!
You hit the worker ant but do no damage.
You block the worker ant's attack. The worker ant bites you.
You are poisoned.
The worker ant poisons you!
You barely miss the worker ant.
You feel sick. The worker ant bites you.
You are more poisoned.
The worker ant poisons you! The worker ant barely misses you.
You closely miss the worker ant.
You feel sick. The worker ant barely misses you.
You slash the worker ant!
The worker ant is severely wounded.
You feel sick.
The worker ant waves its antennae.
You block the worker ant's attack.
The worker ant bites you but does no damage.
You closely miss the worker ant.
The worker ant is severely wounded.
You feel sick. The worker ant bites you.
* * * LOW HITPOINT WARNING * * *
You are lethally poisoned!
The worker ant poisons you! The worker ant bites you.
* * * LOW HITPOINT WARNING * * *
You are more poisoned.
The worker ant poisons you!
You hit the worker ant but do no damage.
The worker ant is severely wounded.
* * * LOW HITPOINT WARNING * * *
You feel very sick. The worker ant barely misses you.
You barely miss the worker ant.
The worker ant is severely wounded.
* * * LOW HITPOINT WARNING * * *
You feel very sick. The worker ant bites you.
* * * LOW HITPOINT WARNING * * *
You are more poisoned.
The worker ant poisons you! The worker ant barely misses you.
You are too injured to fight recklessly!
You are too injured to fight recklessly!
You slash the worker ant!
You kill the worker ant!
Your Axes skill increases to level 5!
* * * LOW HITPOINT WARNING * * *
You feel very sick.
Really quaff
j - 2 ruby potions {!q}?
It was a potion of haste {!q}.
You feel yourself speed up.
* * * LOW HITPOINT WARNING * * *
You feel sick.
Really quaff
l - a fizzy purple potion {!q}?
It was a potion of cancellation {!q}.
Your magical effects are unravelling.
You feel magically purged.
You feel yourself slow down.
* * * LOW HITPOINT WARNING * * *
You feel sick.
You die...

#......#.###.###
#...............
##.....#.###.###
#.....#.###....
................
#########)####### #.#
...############.#
.......@........# #
#######........##.####
........?...%.......
#####........##.####
#........##.####
#..............#
#.).....รท......#
#..............#
#...............


There were no monsters in sight!

Vanquished Creatures
  A worker ant (D:3)
  2 adders (D:2)
  An ooze (D:1)
  A worm (D:3)
  2 dart slugs (D:1)
  A bat (D:1)
  3 giant cockroaches
  3 goblins
  5 hobgoblins
  5 kobolds (D:1)
  A frilled lizard (D:3)
  2 rats
27 creatures vanquished.

Notes
Turn   | Place    | Note
-------+----------+-------------------------------------------
     0 | D:1      | Amnesiac the Hill Orc Fighter began the quest for the Orb.
     0 | D:1      | Reached XP level 1. HP: 19/19 MP: 1/1
    28 | D:1      | Reached skill level 3 in Axes
    46 | D:1      | Reached XP level 2. HP: 27/27 MP: 2/2
   166 | D:1      | Reached skill level 4 in Axes
   263 | D:1      | Reached XP level 3. HP: 29/33 MP: 3/3
   574 | D:3      | Reached XP level 4. HP: 32/41 MP: 4/4
   597 | D:3      | Reached skill level 5 in Axes
   599 | D:3      | HP: 1/41 [poisoned by a worker ant]
   600 | D:3      | Succumbed to a worker ant's poison

Levels and vault maps discovered:
D:1:      shiori_arrival_elements, layout_basic
D:2:      layout_loops_cross, chequers_decorated_corner, uniq_terence
D:3:      layout_basic, uniq_grinder

Skill      XL: |  1  2  3  4 |
---------------+-------------+-----
Axes           | 3 4 5 |  5.2
Fighting       | 4 |  4.5
Armour         | |  3.2
Shields        | |  3.2

Action                   |  1- 3 |  4- 6 || total
-------------------------+-------+-------++-------
Melee: War axe           |    83 |     8 ||    91
  Use: Potion            |       |     2 ||     2
Armor: Scale mail        |    36 |     1 ||    37
Dodge: Dodged            |    27 |     4 ||    31
Block: Kite shield       |    33 |     2 ||    35

Table legend:
 A = Non-vault XP
 B = Vault XP
 C = Vault XP percentage of total XP
 D = Non-vault monster count
 E = Vault monster count
 F = Vault count percentage of total count
                 A         B        C        D         E       F
            +---------+---------+-------+---------+---------+-------
      Total |     116 |       0 |   0.0 |      27 |       0 |   0.0
            +---------+---------+-------+---------+---------+-------
        D:1 |      39 |       0 |   0.0 |      16 |       0 |   0.0
        D:2 |      35 |       0 |   0.0 |       7 |       0 |   0.0
        D:3 |      42 |       0 |   0.0 |       4 |       0 |   0.0
            +---------+---------+-------+---------+---------+-------
